 Dungeon Crawl Stone Soup version 0.30-b1-2-g02819fbbbe (webtiles) character file.

Game seed: 6185499627732956323

9609 LLlMATKO the Fighter (level 11, -11/101 HPs)
             Began as a Minotaur Berserker on Sept 30, 2023.
             Was an Elder of Trog.
             Killed from afar by a lindwurm (30 damage)
             ... with a blast of flame
             ... on level 10 of the Dungeon.
             The game lasted 00:09:19 (11222 turns).

LLlMATKO the Fighter (Minotaur Berserker)          Turns: 11222, Time: 00:09:19

Health: -11/101    AC: 17    Str: 27    XL:     11   Next: 25%
Magic:  10/10      EV: 10    Int:  4    God:    Trog [****..]
Gold:   706        SH:  6    Dex:  9    Spells: 10/10 levels left

rFire   . . .        L - +1 war axe (venom)
rCold   . . .        o - +0 buckler
rNeg    . . .        c - +0 plate armour
rPois   +            (helmet restricted)
rElec   .            r - +0 cloak
rCorr   .            N - +0 pair of gloves
SInv    .            (no boots)
Will    .....        (no amulet) Stlth
                     P - ring of flight
HPRegen 0.36/turn    C - ring of poison resistance
MPRegen 0.12/turn

%: no passive effects
@: on berserk cooldown, flying, slowed, very slow
A: horns 2, retaliatory headbutt
a: Renounce Religion, Berserk, Trog's Hand, Brothers in Arms


You were on level 10 of the Dungeon.
You worshipped Trog.
Trog was greatly pleased with you.
You visited 1 branch of the dungeon, and saw 10 of its levels.

You collected 706 gold pieces.

Inventory:

Hand Weapons
 a - a +0 hand axe
 L - a +1 war axe of venom (weapon)
Missiles
 z - 38 poisoned darts (quivered)
 A - 7 curare-tipped darts
 K - a throwing net
Armour
 c - a +0 plate armour (worn)
 o - a +0 buckler (worn)
 r - a +0 cloak (worn)
 N - a +0 pair of gloves (worn)
Jewellery
 b - a ring of ice
 s - a ring of see invisible
 y - a ring of willpower
 B - a ring of fire
 C - a ring of poison resistance (right hand)
 D - a ring of willpower
 P - a ring of flight (left hand)
Wands
 p - a wand of flame (19)
 O - a wand of iceblast (7)
 R - a wand of mindburst (3)
Scrolls
 f - 2 scrolls of fear {unknown}
 h - 8 scrolls of identify {unknown}
 i - 3 scrolls of blinking {unknown}
 j - a scroll of fog {unknown}
 k - 5 scrolls of teleportation {unknown}
 l - 3 scrolls of poison {unknown}
 t - a scroll of immolation {unknown}
 v - 2 scrolls of enchant armour {unknown}
 E - 5 scrolls of enchant weapon {unknown}
 G - 2 scrolls of noise {unknown}
 H - 3 scrolls of vulnerability {unknown}
 J - 4 scrolls of amnesia {unknown}
Potions
 d - 3 potions of invisibility {unknown}
 e - a potion of berserk rage {unknown}
 g - 4 potions of brilliance {unknown}
 m - 2 potions of heal wounds {unknown}
 n - 2 potions of magic {unknown}
 q - 2 potions of attraction {unknown}
 u - 2 potions of might
 w - a potion of flight {unknown}
 x - a potion of mutation {unknown}
 F - 3 potions of lignification {unknown}
 I - a potion of cancellation {unknown}
 M - a potion of degeneration {unknown}
 Q - 4 potions of curing {unknown}


   Skills:
 + Level 10.3 Fighting
 + Level 10.2 Axes
 + Level 9.8 Armour
 + Level 9.1 Dodging
 + Level 9.2 Shields


You had 10 spell levels left.
You didn't know any spells.
Your spell library was empty.

Dungeon Overview and Level Annotations

Branches:
Dungeon (10/15)            Temple (0/1) D:4
   Lair: D:8-11         Orc: D:9-12

Altars:
Ashenzari
Elyvilon
Fedhas
Gozag
Ru
Uskayaw
Vehumet
Xom
Yredelemnul
The Shining One


Innate Abilities, Weirdness & Mutations

You have a pair of horns on your head.
You reflexively headbutt those who attack you in melee.


Message History

You barely miss the lindwurm. The lindwurm breathes flames at you.
The blast of flame hits you! The lindwurm bites you.
You block the lindwurm's attack.
The lindwurm claws you but does no damage.
The lindwurm breathes flames at you. The blast of flame hits you!!
You hit the lindwurm.
The lindwurm looks as sick as possible!
The lindwurm is moderately wounded.
You barely miss the lindwurm. You block the lindwurm's attack.
The lindwurm claws you but does no damage.
You block the lindwurm's attack. The lindwurm closely misses you.
The lindwurm claws you but does no damage.
The lindwurm closely misses you.
You slash the lindwurm!
The lindwurm looks as sick as possible!
The lindwurm is severely wounded.
You slash the lindwurm!
The lindwurm looks as sick as possible!
Unknown command.
You slash the lindwurm!
You kill the lindwurm!
Trog accepts your kill.
You hit the lindwurm but do no damage.
The lindwurm looks as sick as possible!
The lindwurm bites you but does no damage.
The lindwurm claws you. The lindwurm closely misses you.
The lindwurm breathes flames at you. The blast of flame hits you!!!
* * * LOW HITPOINT WARNING * * *
Your Dodging skill increases to level 9!
You slash the lindwurm!
You kill the lindwurm!
Trog accepts your kill.
You barely miss the lindwurm.
Unknown command.
You feel a strong urge to attack something.
You feel your anger nearly subside.
You are no longer berserk.
You are exhausted.
You feel yourself slow down. The lindwurm breathes flames at you.
The blast of flame hits you!!
You die...

..§§≈≈≈≈§§§......###..#
.≈≈§§≈§≈≈≈§§≈....# #..#
≈≈§≈≈≈§§≈§§§≈≈...###..#
≈§≈§§≈§§§§§≈≈§§...##..#
§§≈≈§k§..≈≈≈≈≈≈...##..#
≈§§.§k##§..≈≈≈≈≈......#
≈§≈.§####§.§§§§≈......#
§≈..#.k?.#.§≈§≈≈......#
≈≈k##?=[!##k≈≈≈≈@.....#
§≈.##:> #k≈≈≈≈≈.....#
≈≈..#. #..§≈≈≈......#
≈≈§..## #..≈≈≈≈≈......#
§§§...##...≈§§≈≈......#
§§≈§≈k§§§≈≈§§§≈.......#
§§≈≈§≈≈§§≈≈≈≈§≈....#..#
≈≈≈§≈≈§§§≈≈≈≈≈...###..#
.≈≈§§≈≈§§≈§§≈....# #..#


You could see 2 lindwurms.

Vanquished Creatures
  Nergalle (D:10)
  2 lindwurms (D:10)
  A cyclops (D:7)
  A gargoyle (D:9)
  A komodo dragon (D:8)
  Prince Ribbit (D:9)
  A troll (D:9)
  A hornet (D:8)
  A shadow (D:10)
  A wyvern (D:10)
  A vampire (D:10)
  Eustachio (D:4)
  A steam dragon (D:7)
  Edmund (D:6)
  Menkaure (D:4)
  A warg (D:7)
  2 acid dragons
  A water moccasin (D:8)
  5 orc warriors
  2 sky beasts
  2 black bears
  An ice beast (D:7)
  The ghost of noone the Caller, an amateur FeSu (D:6)
  6 ogres
  3 phantoms
  5 kobold brigands (D:7)
  2 bullfrogs
  A gnoll sergeant (D:10)
  7 wights
  5 scorpions
  10 killer bees (D:9)
  8 howler monkeys
  A jelly (D:4)
  12 orc priests
  Crazy Yiuf (D:2)
  2 gnoll boudas (D:7)
  9 hounds (D:7)
  A sleepcap (D:7)
  7 iguanas
  12 orc wizards
  Robin (D:3)
  11 gnolls
  6 adders
  An ufetubus (D:4)
  A worm (D:2)
  A dart slug (D:2)
  39 orcs
  6 ball pythons
  7 endoplasms
  5 giant cockroaches
  13 goblins
  9 hobgoblins
  13 jackals
  2 quokkas
  5 bats
  7 frilled lizards
  3 kobolds
  9 rats
262 creatures vanquished.

Vanquished Creatures (collateral kills)
  A kobold brigand (D:7)
  2 orc priests (D:7)
  3 gnolls (D:7)
6 creatures vanquished.

Vanquished Creatures (others)
  A fungus (D:7)
  36 plants
37 creatures vanquished.

Grand Total: 305 creatures vanquished

Notes
Turn   | Place    | Note
-------+----------+-------------------------------------------
     0 | D:1      | LLlMATKO the Minotaur Berserker began the quest for the
                  | Orb.
     0 | D:1      | Reached XP level 1. HP: 19/19 MP: 0/0
   243 | D:1      | Reached XP level 2. HP: 27/27 MP: 1/1
   649 | D:2      | Reached XP level 3. HP: 33/33 MP: 2/2
   660 | D:2      | Found a faded altar of an unknown god.
   852 | D:2      | Reached ** piety under Trog
   944 | D:2      | Found a runed translucent door.
   945 | D:2      | Noticed Crazy Yiuf
  1358 | D:2      | Killed Crazy Yiuf
  1359 | D:2      | Reached XP level 4. HP: 29/41 MP: 1/3
  1511 | D:3      | Noticed a black bear
  1513 | D:3      | Noticed Robin
  1519 | D:3      | Reached skill level 1 in Shields
  1521 | D:3      | Killed a black bear
  1522 | D:3      | Reached XP level 5. HP: 29/47 MP: 4/4
  1527 | D:3      | Killed Robin
  1822 | D:3      | Reached *** piety under Trog
  1831 | D:3      | Reached skill level 5 in Fighting
  1932 | D:3      | Found a shimmering altar of Xom.
  2140 | D:4      | Reached XP level 6. HP: 5/56 MP: 5/5
  2413 | D:4      | Noticed Eustachio
  2431 | D:4      | Killed Eustachio
  2432 | D:4      | Reached skill level 5 in Axes
  2524 | D:4      | Found a staircase to the Ecumenical Temple.
  2640 | D:4      | Noticed Menkaure
  2652 | D:4      | Killed Menkaure
  2653 | D:4      | Reached XP level 7. HP: 62/62 MP: 6/6
  2985 | D:5      | Entered Level 5 of the Dungeon
  3015 | D:5      | Reached skill level 5 in Armour
  3560 | D:5      | Reached skill level 5 in Dodging
  3652 | D:5      | Found an opulent altar of Gozag.
  3830 | D:5      | Reached XP level 8. HP: 71/71 MP: 7/7
  4050 | D:5      | Found a white marble altar of Elyvilon.
  4310 | D:6      | Noticed Edmund
  4326 | D:6      | Killed Edmund
  4414 | D:6      | Reached skill level 5 in Shields
  4431 | D:6      | Reached **** piety under Trog
  4531 | D:6      | Noticed noone's ghost (amateur FeSu)
  4535 | D:6      | Found a runed translucent door.
  5320 | D:6      | Killed noone's ghost
  5321 | D:6      | Reached XP level 9. HP: 79/79 MP: 8/8
  6026 | D:7      | Found a basalt altar of Yredelemnul.
  6633 | D:7      | Noticed a cyclops
  6661 | D:7      | Killed a cyclops
  6662 | D:7      | Reached XP level 10. HP: 67/90 MP: 9/9
  6871 | D:7      | Reached ***** piety under Trog
  7769 | D:7      | Found a basalt altar of Yredelemnul.
  9028 | D:9      | Noticed a gargoyle
  9040 | D:9      | Killed a gargoyle
  9218 | D:9      | Found a blossoming altar of Fedhas.
  9358 | D:9      | Found a glowing golden altar of the Shining One.
  9714 | D:9      | Noticed Prince Ribbit
  9724 | D:9      | Killed Prince Ribbit
  9945 | D:9      | Found a radiant altar of Vehumet.
  9983 | D:10     | Entered Level 10 of the Dungeon
 10033 | D:10     | Reached skill level 10 in Fighting
 10069 | D:10     | Reached XP level 11. HP: 90/99 MP: 10/10
 10372 | D:10     | Noticed Nergalle
 10384 | D:10     | Killed Nergalle
 10385 | D:10     | Reached skill level 10 in Axes
 10551 | D:10     | Noticed a lindwurm
 10553 | D:10     | Noticed a lindwurm
 10591 | D:10     | Found a faded altar of an unknown god.
 10591 | D:10     | Found a sacrificial altar of Ru.
 10598 | D:10     | Found a faded altar of an unknown god.
 10600 | D:10     | Found a broken altar of Ashenzari.
 10602 | D:10     | Found a hide-covered altar of Uskayaw.
 10980 | D:10     | Noticed a lindwurm
 10980 | D:10     | Noticed a lindwurm
 11217 | D:10     | Killed a lindwurm
 11218 | D:10     | Killed a lindwurm
 11222 | D:10     | Killed from afar by a lindwurm

Illustrated notes

Levels and vault maps discovered:
D:1:      reono_arrival_mine, layout_loops_ring
D:2:      layout_basic, ebering_ecumenical_altar_petrified,
          minmay_fractal_squares_gapless_5, uniq_crazy_yiuf_cottage
D:3:      layout_rooms, mainiacjoe_overflow_tiny_flanked,
          minmay_misc_feat_cross, uniq_robin
D:4:      layout_loops_cross, minmay_temple_entry_trees, uniq_eustachio,
          uniq_menkaure
D:5:      layout_basic, elyvilon_altar_3, grunt_gozag_breadcrumbs,
          chequers_decorated_corner
D:6:      layout_basic, hellmonk_ghost_happy_afterlife,
          nicolae_concentric_dashed_squares_wild, kennysheep_generic_room_4,
          uniq_edmund
D:7:      lemuel_castle_with_subvaults [lemuel_castle_interior_carwin_3],
          layout_loops_ring, mainiacjoe_overflow_cross_hatched
D:8:      layout_loops_ring, minmay_misc_feat_rugged, minmay_lizard_king
D:9:      layout_loops_cross, nicolae_overflow_crystal_walls,
          mainiacjoe_overflow_swirl, uniq_prince_ribbit1
D:10:     layout_small_grid, chequers_temple_overflow_minitemple,
          minmay_lindwurm_lava, uniq_nergalle

Skill      XL: |  1  2  3  4  5  6  7  8  9 10 11 |
---------------+----------------------------------+-----
Fighting       | 4 5 6 7 8 10 | 10.3
Axes           | 4 5 6 7 8 9 10 | 10.2
Armour         | 3 4 5 6 8 9 |  9.8
Dodging        | 3 4 5 6 7 8 9 |  9.1
Shields        | 1 2 3 4 5 7 8 9 |  9.2

Action                     |  1- 3 |  4- 6 |  7- 9 | 10-12 || total
---------------------------+-------+-------+-------+-------++-------
  Melee: Hand axe          |    82 |   121 |   329 |     9 ||   541
         Headbutt          |    10 |    20 |    69 |    44 ||   143
         Punch             |     1 |       |       |       ||     1
         War axe           |       |       |       |   241 ||   241
 Invoke: Berserk           |     1 |     4 |     8 |     9 ||    22
         Brothers in Arms  |       |       |       |     2 ||     2
         Trog's Hand       |       |       |       |     1 ||     1
 Armour: Ring mail         |    26 |    54 |     9 |       ||    89
         Animal skin       |     8 |       |       |       ||     8
         Plate armour      |       |       |   137 |   136 ||   273
  Dodge: Dodged            |    44 |    75 |   131 |   105 ||   355
  Block: Buckler           |     2 |    20 |    61 |    66 ||   149
